 Dungeon Crawl Stone Soup version 0.21.0-25-ge575cb9 (webtiles) character file.

74 HEYYEYAAE the Digger (level 3, 0/27 HPs)
             Began as a Demigod Earth Elementalist on Jan 24, 2018.
             Slain by Grinder (6 damage)
             ... while paralysed by Grinder
             ... on level 3 of the Dungeon.
             The game lasted 00:02:35 (1603 turns).

HEYYEYAAE the Digger (Demigod Earth Elementalist)   Turns: 1603, Time: 00:02:35

Health: 0/27       AC:  2    Str: 11    XL:     3   Next: 86%
Magic:  7/9        EV:  2    Int: 21    God:
Gold:   92         SH:  0    Dex: 16    Spells: 5/6 levels left

rFire    . . .     SeeInvis .   (no weapon)
rCold    . . .     Gourm    .   (no shield)
rNeg     . . .     Faith    .   c - +0 robe
rPois    +         Spirit   .   (no helmet)
rElec    .         Reflect  .   (no cloak)
rCorr    .         Harm     .   (no gloves)
MR       .....                  (no boots)
Stlth    ++........             (no amulet)
HPRegen  0.09/turn              s - ring of poison resistance
MPRegen  0.11/turn              (no ring)

@: paralysed
A: high mp 1
a: no special abilities


You were on level 3 of the Dungeon.
You were not hungry.

You visited 1 branch of the dungeon, and saw 3 of its levels.

You collected 92 gold pieces.

Inventory:

Hand Weapons
 r - a +0 hand crossbow
Missiles
 b - 30 stones (quivered)
Armour
 a - a +0 ring mail
 c - a +0 robe (worn)
 n - a cursed +0 shield
Jewellery
 s - a ring of poison resistance (left hand)
Scrolls
 f - a scroll of remove curse {unknown}
 i - a scroll of enchant weapon {unknown}
 j - 2 scrolls of blinking {unknown}
 k - a scroll of random uselessness {unknown}
 l - a scroll of magic mapping {unknown}
 m - a scroll of enchant armour {unknown}
 q - a scroll of amnesia {unknown}
 t - a scroll of fear {unknown}
 u - a scroll of identify {unknown}
Potions
 g - 2 potions of mutation {unknown}
 h - 3 potions of heal wounds {unknown}
 o - 2 potions of berserk rage {unknown}
 p - a potion of flight {unknown}
Books
 e - a book of Geomancy

   Spells                             Type                      Level
   a - Sandblast                      Earth                        1
   b - Passwall                       Transmutation/Earth          2
   c - Stone Arrow                    Conjuration/Earth            3
   d - Petrify                        Transmutation/Earth          4
   e - Lee's Rapid Deconstruction     Earth                        5
Comestibles
 d - 5 rations


   Skills:
 + Level 0.9 Fighting
 + Level 1.2 Armour
 + Level 2.1 Dodging
 - Level 1.7 Stealth
 + Level 0.0 Shields
 * Level 2.4 Spellcasting
   Level 0.8 Transmutations
 * Level 3.3 Earth Magic


You had 5 spell levels left.
You knew the following spells:

 Your Spells              Type           Power        Failure   Level  Hunger
a - Sandblast             Erth           ###...       3%          1    None


Dungeon Overview and Level Annotations

Branches:
Dungeon (3/15)

Annotations:
D:3 Grinder


Innate Abilities, Weirdness & Mutations

You have an increased reservoir of magic. (+10% MP)


Message History

You bump into the rock wall.
You feel less confused.
Grinder drinks a potion.
Grinder suddenly seems more agile.
You completely miss something. Something hits you but does no damage.
Grinder blinks!
Casting: Sandblast
Confirm with . or Enter, or press ? or * to list all spells.
Aiming: Sandblast
Press: ? - help, Shift-Dir - straight line, f/p - Grinder
Aim: Grinder (unusually agile)
The blast of sand hits Grinder.
Grinder is moderately wounded.
b - 30 stones Something hits you.
Grinder gestures at you.
You suddenly lose the ability to move!
Something hits you. Grinder hits you.
* * * LOW HITPOINT WARNING * * *
You writhe in agony.
You die...

##.## .#
#####...###..####
.........)....5..
###....###.....
#.#. ##.#.# ##.
#.#.......#ยง#
.[.########(#
#..# #{# #..#
#@######. #..#
#.5...... #..#
#.######.. #<.#
######.........
#..#
#........####.
#..# #.####.#>#
#..# #.# #.#.#
#..# #.# #.#.#
#..# #.# #.#.#


You could see Grinder.

Vanquished Creatures
  2 adders (D:2)
  2 worms (D:2)
  A dart slug (D:1)
  3 leopard geckos
  An orc (D:3)
  7 bats
  2 giant cockroaches
  7 hobgoblins
  A ball python (D:2)
  2 frilled lizards
  6 goblins
  4 kobolds
  7 rats
45 creatures vanquished.

Notes
Turn   | Place    | Note
-------+----------+-------------------------------------------
     0 | D:1      | HEYYEYAAE the Demigod Earth Elementalist began the quest for the Orb.
     0 | D:1      | Reached XP level 1. HP: 14/14 MP: 5/5
   154 | D:1      | Reached XP level 2. HP: 10/20 MP: 1/7
   316 | D:1      | Reached skill level 3 in Earth Magic
   805 | D:2      | Reached XP level 3. HP: 27/27 MP: 6/9
  1035 | D:2      | Reached skill level 1 in Armour
  1583 | D:3      | Noticed Grinder
  1602 | D:3      | Paralysed by Grinder for 2 turns
  1603 | D:3      | Slain by Grinder

Skill      XL: |  1  2  3 |
---------------+----------+-----
Spellcasting   | 2 |  2.4
Earth Magic    | 3 |  3.3
Dodging        | 2 |  2.1
Armour         | 1 |  1.2
Fighting       | |  0.9
Stealth        | |  1.7
Transmutations | |  0.8

Action                   || total
-------------------------++-------
Melee: Unarmed           ||    21
Throw: Stone             ||     1
 Cast: Sandblast         ||    56
 Stab: Sleeping          ||     1
  Eat: Ration            ||     1
Armor: Robe              ||    17
Dodge: Dodged            ||    39
